 Dungeon Crawl Stone Soup version 0.27-a0-828-g8289197e94 (webtiles) character file.

Game seed: 12333601343811058160

241 polve the Changer (level 5, -3/40 HPs)
             Began as a Draconian Transmuter on Mar 30, 2021.
             Slain by an iguana (11 damage)
             ... on level 3 of the Dungeon.
             The game lasted 00:04:36 (3994 turns).

polve the Changer (Draconian Transmuter)            Turns: 3994, Time: 00:04:37

Health: -3/40      AC:  5    Str: 13    XL:     5   Next: 80%
Magic:  8/8        EV: 12    Int: 14    God:
Gold:   134        SH:  0    Dex: 11    Spells: 2/8 levels left

rFire    . . .     SeeInvis .     - Unarmed
rCold    . . .     Faith    .   (no shield)
rNeg     . . .     Spirit   .   (armour unavailable)
rPois    .         Reflect  .   (helmet currently unavailable)
rElec    .         Harm     .   (no cloak)
rCorr    .         Rampage  .   (no gloves)
Will     .....                  (boots currently unavailable)
Stlth    +.........             (no amulet)
HPRegen  0.13/turn              (no ring)
MPRegen  0.11/turn              (no ring)

@: appendages (expiring)
A: horns 2, talons 2, AC +5, unfitting armour, cold-blooded
a: End Transformation


You were on level 3 of the Dungeon.
You had temporarily grown beastly horns and talons.
You visited 1 branch of the dungeon, and saw 4 of its levels.

You collected 162 gold pieces.
You spent 28 gold pieces at shops.

Inventory:

Jewellery
 d - a +4 ring of evasion
Wands
 l - a wand of flame (16)
Scrolls
 a - 4 scrolls of teleportation
 c - 4 scrolls of identify
 k - a scroll of enchant weapon {unknown}
Potions
 b - a potion of flight {unknown}
 e - 2 potions of lignification
 f - a potion of degeneration {unknown}
 g - 3 potions of attraction {unknown}
 h - 2 potions of brilliance {unknown}
 i - a potion of invisibility {unknown}
 j - a potion of might {unknown}
 m - a potion of haste {unknown}


   Skills:
 - Level 1.1 Fighting
 - Level 1.7 Dodging
 - Level 3.0 Unarmed Combat
 - Level 2.0 Spellcasting
 + Level 6.2 Transmutations


You had 2 spell levels left.
You knew the following spells:

 Your Spells              Type           Power      Damage    Failure   Level
a - Beastly Appendage     Tmut           36%        N/A       1%          1
b - Wereblood             Tmut           18%        N/A       2%          2
c - Spider Form           Tmut/Pois      5%         N/A       21%         3

Your spell library contained the following spells:

 Spells                   Type           Power      Damage    Failure   Level
 Hydra Form               Tmut           9%         N/A       45%         5
 Ice Form                 Ice/Tmut       10%        N/A       54%         4


Dungeon Overview and Level Annotations

Branches:
Dungeon (4/15)
 Temple: D:4-7

Altars:
Elyvilon
Nemelex Xobeh

Shops:
D:1 ?:


Innate Abilities, Weirdness & Mutations

You have temporarily grown beastly horns and talons.
Your plain brown scales are hard. (AC +5)
You cannot fit into any form of body armour.
You are cold-blooded and may be slowed by cold attacks.


Message History

You are too injured to fight recklessly!
You are too injured to fight recklessly!
You are too injured to fight recklessly!
You are too injured to fight recklessly!
You are too injured to fight recklessly!
You are too injured to fight recklessly!
You are too injured to fight recklessly!
You closely miss the iguana. You headbutt the iguana.
The iguana is lightly wounded.
The iguana barely misses you.
The goblin shoots a stone.
The stone hits you.
You hit the iguana. You claw the iguana, but do no damage.
The iguana is lightly wounded.
The iguana bites you but does no damage.
The goblin shoots a stone.
The stone barely misses you.
You closely miss the iguana. Your kick misses the iguana.
The iguana is lightly wounded.
The iguana barely misses you.
You hit the iguana. Your kick misses the iguana.
The iguana is lightly wounded.
The iguana bites you.
You hit the iguana. Your kick misses the iguana.
You headbutt the iguana, but do no damage.
You tail-slap the iguana, but do no damage.
The iguana is moderately wounded.
The iguana bites you.
You hit the iguana.
Your tail-slap misses the iguana.
The iguana is heavily wounded.
The goblin unwields a +0 hunting sling.
The goblin wields a +0 dagger.
The goblin hits you but does no damage. The iguana bites you!
You barely miss the goblin. The goblin barely misses you. The iguana bites you!
* * * LOW HITPOINT WARNING * * *
The goblin unwields a +0 dagger.
The goblin wields a +0 hunting sling.
The goblin shoots a stone.
The stone hits you but does no damage.
There is a stone staircase leading up here.
Your transformation is almost over.
The iguana completely misses you.
You climb upwards.
There is a stone staircase leading down here.
The iguana bites you!
You die...

############
#####..........###
....+..........l>#
#####..........#@#
#####..........#.#
...##..........#.#
...##..........#.#
...#########'#.#.#
.............#.#.#
.............#.#.#
.............#.#.#
...######......#.#


You could see an iguana.

Vanquished Creatures
  A phantom (D:3)
  A hound (D:4)
  Jessica (D:3)
  4 adders
  4 worms
  A dart slug (D:2)
  5 endoplasms
  A giant cockroach (D:1)
  3 goblins
  11 hobgoblins
  5 jackals (D:1)
  2 quokkas
  4 ball pythons (D:1)
  5 bats
  3 frilled lizards (D:1)
  7 kobolds
  7 rats
65 creatures vanquished.

Vanquished Creatures (others)
  A plant (D:2)
1 creature vanquished.

Grand Total: 66 creatures vanquished

Notes
Turn   | Place    | Note
-------+----------+-------------------------------------------
     0 | D:1      | polve the Draconian Transmuter began the quest for the Orb.
     0 | D:1      | Reached XP level 1. HP: 16/16 MP: 3/3
   293 | D:1      | Found Jeky's Magic Scroll Shop.
   308 | D:1      | Reached XP level 2. HP: 23/23 MP: 3/5
   595 | D:1      | Reached skill level 3 in Transmutations
   664 | D:1      | Found Baellu Ylask's Book Boutique.
  1084 | D:1      | Reached XP level 3. HP: 22/28 MP: 4/6
  1326 | D:1      | Bought a scroll of identify for 28 gold pieces
  1392 | D:2      | Learned a level 2 spell: Wereblood
  1682 | D:2      | Reached skill level 4 in Transmutations
  2001 | D:2      | Reached XP level 4. HP: 28/35 MP: 7/7
  2690 | D:3      | Noticed Jessica
  2696 | D:3      | Killed Jessica
  3008 | D:3      | Reached skill level 5 in Transmutations
  3128 | D:3      | Found a white marble altar of Elyvilon.
  3515 | D:4      | Reached XP level 5. HP: 30/40 MP: 6/8
  3519 | D:4      | Learned a level 3 spell: Spider Form
  3691 | D:4      | Noticed a phantom
  3724 | D:4      | Found a sparkling altar of Nemelex Xobeh.
  3735 | D:3      | Killed a phantom
  3736 | D:3      | Reached skill level 6 in Transmutations
  3994 | D:3      | Slain by an iguana

Illustrated notes

Levels and vault maps discovered:
D:1:      lightli_arrival_statue_moat, layout_loops_cross, serial_shops, shop,
          nicolae_shop_crystal, wander_ebering_terrifying_dragon_lair
D:2:      layout_loops_ring, corexii_shack
D:3:      layout_basic, lemuel_doored_altar, uniq_jessica
D:4:      layout_cave_pools, nemelex_xobeh_ov_fountains_minmay,
          gammafunk_temple_overflow_statue

Skill      XL: |  1  2  3  4  5 |
---------------+----------------+-----
Transmutations | 3 4 5 6 |  6.2
Fighting       | |  1.1
Dodging        | |  1.7
Unarmed Combat | |  3.0
Spellcasting   | |  2.0

Action                   |  1- 3 |  4- 6 || total
-------------------------+-------+-------++-------
Melee: Unarmed           |   144 |    89 ||   233
       Kick              |    26 |    17 ||    43
       Punch             |     3 |       ||     3
       Tailslap          |     7 |     5 ||    12
       Headbutt          |     5 |     9 ||    14
 Cast: Beastly Appendage |    22 |    16 ||    38
       Spider Form       |       |     1 ||     1
  Use: Scroll            |     1 |       ||     1
       Potion            |       |     1 ||     1
 Stab: Sleeping          |     2 |     1 ||     3
Armor: Skin              |    51 |    19 ||    70
Dodge: Dodged            |   104 |    51 ||   155

Table legend: (Time is in decaauts)
 A = Elapsed time spent in this place.
 B = Non-inter-level travel time spent in this place.
 C = Inter-level travel time spent in this place.
 D = Time resting spent in this place.
 E = Time spent auto-exploring this place.
 F = Levels seen in this place.
 G = Mean time per level.
                   A        B        C        D        E       F      G
               +--------+--------+--------+--------+--------+-----+--------+
         Total |   3985 |   3883 |    102 |     42 |   3340 |   4 |  996.2 |
       Dungeon |   3985 |   3883 |    102 |     42 |   3340 |   4 |  996.2 |
               +--------+--------+--------+--------+--------+-----+--------+

Top non-repeatable levels by time:
     D:1: 1334 daAuts
     D:3: 1329 daAuts
     D:2: 1041 daAuts
     D:4: 279 daAuts
